Map: Odyssey LE

Players

RektByFaith

  • Race: Terran Terran
  • League: Diamond
  • Spawn Location: 5:00

FLORENCIO - Winner!

  • Race: Protoss Protoss
  • League: Master
  • Spawn Location: 11:00

VOD

Have the link to the VOD?

Description

Time

  • Played on: June 18, 2017, 2:27 p.m.
  • Length: 9:57
Show
View Real Time Build Order
Export as new Build Order

RektByFaith Terran 

Build Orders:  

Get SALT Encoding   

  12  0:01  SCV  
  13  0:16  Supply Depot  
  13  0:20  Refinery  
  13  0:25  SCV  
  14  0:39  Barracks  
  14  0:55  Barracks  
  14  0:58  SCV  
  15  1:11  SCV  
  16  1:26  Orbital Command  
  16  1:33  Factory  
  16  1:40  Marine  
  16  1:42  Marine  
  18  1:50  Bunker  
  18  1:58  Marine  
  19  2:03  Marine  
  20  2:10  Supply Depot  
  20  2:11  SCV  
  21  2:16  Factory Tech Lab  
  21  2:27  Marine  
  22  2:34  Marine  
  23  2:48  Siege Tank  
  26  2:56  Marine  
  26  2:57  Command Center  
  27  2:58  Marine  
  28  3:17  Marine, SCV, Supply Depot  
  28  3:19  Marine  
  31  3:38  Marine x2  
  33  3:48  Siege Tank  
  36  3:56  Marine  
  36  3:57  Marine  
  36  3:59  Barracks  
  36  4:02  Barracks  
  37  4:14  Marine  
  37  4:15  Marine  
  39  4:17  SCV  
  40  4:48  Orbital Command  
  40  4:50  SCV  
  40  4:51  Marine x3  
  40  4:52  Marine, Bunker  
  45  4:55  Engineering Bay  
  45  5:01  Siege Tank  
  48  5:10  Marine x2  
  50  5:15  SCV  
  50  5:18  Marine  
  50  5:20  SCV  
  53  5:29  SCV  
  54  5:36  Refinery  
  54  5:42  Supply Depot  
  54  5:44  Sensor Tower  
  54  6:03  Marine x4, SCV  
  54  6:04  SCV  
  60  6:16  SCV  
  61  6:21  Marine  
  61  6:24  Marine  
  57  6:26  Marine x2  
  57  6:29  SCV x2  
  61  6:39  Marine, Supply Depot  
  62  6:43  Siege Tank  
  57  6:49  Marine  
  53  6:57  SCV  
  53  7:00  SCV  
  54  7:02  Marine  
  54  7:07  Barracks Tech Lab  
  44  7:11  Marine  
  44  7:12  Marine  
  45  7:16  Siege Tank  
  45  7:18  SCV  
  45  7:19  SCV  
  48  7:25  Marine, Bunker, Refinery  
  48  7:28  Stimpack  
  48  7:29  Marine x2  
  51  7:30  SCV  
  51  7:31  Marine  
  51  7:32  SCV  
  53  7:42  Marine  
  53  7:43  SCV  
  55  7:44  SCV  
  55  7:45  Supply Depot  
  56  7:55  SCV  
  56  7:56  SCV  
  57  8:07  SCV  
  57  8:08  Marine x3  
  57  8:10  Missile Turret  
  57  8:11  Marine  
  62  8:13  SCV  
  63  8:26  Marine x2  
  64  8:47  Barracks Reactor  
  63  8:55  Barracks Reactor  
  63  8:56  Barracks Reactor  
  63  8:59  Marine  
  63  9:03  Barracks Reactor  
  63  9:05  SCV x2  
  62  9:15  Siege Tank  
  62  9:17  Marine  
  66  9:24  Barracks  
  66  9:26  Command Center, Barracks  
  66  9:29  Barracks x2  
  66  9:34  Marine  
Show
View Real Time Build Order
Export as new Build Order

FLORENCIO Protoss - Winner!

Build Orders: 1 Gate Expand 

Get SALT Encoding   

  12  0:01  Probe (Chrono Boost)  
  13  0:11  Probe (Chrono Boost)  
  14  0:22  Probe (Chrono Boost)  
  14  0:24  Pylon  
  16  0:42  Probe (Chrono Boost)  
  16  0:43  Gateway  
  16  0:52  Assimilator  
  16  0:53  Probe (Chrono Boost)  
  17  1:04  Probe (Chrono Boost)  
  18  1:14  Probe (Chrono Boost)  
  19  1:30  Nexus  
  20  1:32  Probe (Chrono Boost)  
  20  1:42  Cybernetics Core  
  20  1:43  Probe (Chrono Boost)  
  21  1:58  Probe (Chrono Boost)  
  22  2:06  Gateway  
  22  2:07  Pylon  
  22  2:13  Assimilator  
  22  2:24  Pylon  
  22  2:25  Stalker  
  24  2:38  Nexus  
  24  2:46  Robotics Facility  
  24  2:50  Probe (Chrono Boost)  
  25  3:00  Probe (Chrono Boost)  
  25  3:01  Stalker  
  28  3:13  Stalker  
  29  3:31  Stalker  
  31  3:42  Robotics Bay  
  31  4:03  Nexus  
  31  4:04  Pylon  
  31  4:22  Probe (Chrono Boost)  
  32  4:35  Probe (Chrono Boost)  
  33  4:44  Disruptor  
  33  4:45  Pylon  
  36  4:46  Adept  
  36  4:49  Adept  
  41  4:54  Probe (Chrono Boost)  
  41  5:06  Probe (Chrono Boost)  
  42  5:15  Assimilator  
  42  5:17  Adept, Probe (Chrono Boost), Assimilator  
  42  5:19  Probe (Chrono Boost)  
  42  5:20  Adept, Disruptor  
  51  5:28  Probe (Chrono Boost)  
  52  5:31  Probe (Chrono Boost)  
  53  5:38  Warp Gate, Probe (Chrono Boost)  
  53  5:40  Gateway  
  53  5:41  Gateway  
  55  5:43  Probe (Chrono Boost)  
  55  5:49  Probe (Chrono Boost)  
  56  5:51  Adept  
  56  5:55  Adept, Probe (Chrono Boost)  
  61  6:03  Observer  
  60  6:26  Stalker  
  60  6:28  Colossus  
  60  6:30  Stalker  
  62  7:02  Stalker  
  59  7:42  Pylon  
  59  7:43  Pylon  
  59  7:45  Pylon  
  59  7:57  Stalker  
  59  8:00  Stalker  
  59  8:01  Stalker x2, Probe (Chrono Boost)  
  59  8:02  Probe (Chrono Boost)  
  69  8:12  Probe (Chrono Boost)  
  71  8:14  Probe (Chrono Boost)  
  71  8:23  Probe (Chrono Boost)  
  72  8:27  Stalker  
  72  8:30  Stalker  
  72  8:32  Stalker  
  72  8:33  Probe (Chrono Boost)  
  78  8:35  Pylon  
  78  8:52  Colossus  
  78  8:53  Probe (Chrono Boost)  
  85  9:26  Nexus  
  85  9:28  Pylon  
Tags
 
Add a new tag
Caveats
  • Supply blocks, unpowered buildings, or Contaminate may cause inaccurate times.
  • Supply counts are checked every 10 seconds.